 Dungeon Crawl Stone Soup version 0.19.0-26-g9e9c210 (webtiles) character file.

247 Esekla the Sneak (level 6, -5/41 HPs)
             Began as an Octopode Enchanter on Nov 24, 2016.
             Slain by a phantom (10 damage)
             ... on level 3 of the Dungeon.
             The game lasted 00:25:48 (3679 turns).

Esekla the Sneak (Octopode Enchanter)               Turns: 3679, Time: 00:25:49

Health: -5/41      AC:  1    Str:  8    XL:     6   Next: 11%
Magic:  0/9        EV: 14    Int: 18    God:
Gold:   237        SH:  0    Dex: 13    Spells: 3 memorised, 0 levels left

rFire  . . .     SeeInvis .     a - +2 dagger
rCold  . . .     Gourm    .     (no shield)
rNeg   . . .     Faith    .     (helmet restricted)
rPois  .         Spirit   .     (no amulet)
rElec  .         Reflect  .     e - ring of resist corrosion
rCorr  +         Harm     .     (no ring)
MR     .....                    (no ring)
Stlth  +++.......               (no ring)
                                (no ring)
                                (no ring)
                                (no ring)
                                (no ring)

@: no status effects
A: almost no armour, stealthy swim, amphibious, 8 rings, constrict 8, camouflage
1, gelatinous body 1
a: no special abilities


You were on level 3 of the Dungeon.
You were not hungry.

You visited 1 branch of the dungeon, and saw 4 of its levels.

You collected 237 gold pieces.

Inventory:

Hand Weapons
 a - a +2 dagger (weapon)
 q - a +0 hunting sling
 t - a +0 falchion
Missiles
 d - 50 stones (quivered)
 m - 57 sling bullets
Jewellery
 e - a ring of resist corrosion (left tentacle)
Wands
 u - a wand of disintegration (9/24)
Scrolls
 h - a scroll of teleportation {unknown}
 j - 2 scrolls of remove curse
 k - 3 scrolls of fog
 n - a scroll of magic mapping {unknown}
Potions
 f - a potion of magic {unknown}
 g - a potion of curing {unknown}
 i - a potion of might {unknown}
 l - 2 potions of heal wounds {unknown}
 o - a potion of ambrosia
 r - a potion of mutation {unknown}
Books
 b - a book of Maledictions

   Spells                             Type                      Level
   a - Corona                         Hexes                        1
   b - Ensorcelled Hibernation        Hexes/Ice                    2
   c - Confuse                        Hexes                        3
   d - Tukima's Dance                 Hexes                        3
   e - Dazzling Spray                 Conjuration/Hexes            3
Comestibles
 c - 5 bread rations
 p - a beef jerky
 v - 3 fruits


   Skills:
 + Level 2.6 Fighting
 + Level 3.1 Short Blades
 + Level 3.3 Dodging
 - Level 4.0 Stealth
 - Level 2.0 Spellcasting
 * Level 2.7 Conjurations
 - Level 3.0 Hexes


You couldn't memorise any spells.
You knew the following spells:

 Your Spells              Type           Power        Failure   Level  Hunger
a - Tukima's Dance        Hex            ##......     17%         3    ###....
b - Dazzling Spray        Conj/Hex       ##....       21%         3    ###....
c - Confuse               Hex            ##......     17%         3    ###....


Dungeon Overview and Level Annotations

Branches:
Dungeon (4/15)
 Temple: D:4-7

Altars:
Kikubaaqudgha
Trog
Uskayaw
Vehumet


Innate Abilities, Weirdness & Mutations

You cannot wear most types of armour.
You are very stealthy in the water. (Stealth+)
You are amphibious.
You can wear up to eight rings at the same time.
You can use your tentacles to constrict eight enemies at once.
Your skin changes colour to match your surroundings (Stealth+).
Your rubbery body absorbs attacks. (AC +1, EV +1)


Message History

Throwing (i - inventory):
d - 52 stones (quivered)
Press: ? - help, Shift-Dir - straight line, f/p - phantom
Aim: a phantom (severely damaged)
You throw a stone. The stone closely misses the phantom.
Throwing (i - inventory):
d - 51 stones (quivered)
Press: ? - help, Shift-Dir - straight line, f/p - phantom
Aim: a phantom (severely damaged)
You throw a stone.
The stone hits the phantom but does no damage.
The phantom is severely damaged.
Casting: Dazzling Spray
Confirm with . or Enter, or press ? or * to list all spells.
Aiming: Dazzling Spray
Press: ? - help, Shift-Dir - straight line, f/p - phantom
Aim: a phantom (severely damaged)
The spray of energy misses the phantom.
You closely miss the phantom. Your squeeze misses the phantom.
The phantom is severely damaged.
The phantom hits you!
You die...

##...## #.#....#
##.....## #......#
##.......## ##(###.##
#.........####(.((..#
+.........+...>.((###
#.........####(..##
##.......## ##.(#
##.....#### ##W#
##.......# #@#
#..####.# #.# ####..#
#.# #.#
......####.#####.#
####.............# #
##...###.#######
###.....##.#
...........#
####..######


You could see a phantom.

Vanquished Creatures
  A hound (D:3)
  An orc wizard (D:3)
  Crazy Yiuf (D:2)
  9 adders
  2 oozes (D:2)
  4 worms
  2 leopard geckos
  3 orcs (D:3)
  A ball python (D:1)
  2 giant cockroaches (D:2)
  4 goblins
  4 hobgoblins
  4 jackals (D:3)
  4 bats
  6 frilled lizards
  8 kobolds
  6 rats
  A bush (D:2)
63 creatures vanquished.

Notes
Turn   | Place    | Note
-------+----------+-------------------------------------------
     0 | D:1      | Esekla the Octopode Enchanter began the quest for the Orb.
     0 | D:1      | Reached XP level 1. HP: 11/11 MP: 3/3
   212 | D:1      | Reached skill level 1 in Fighting
   212 | D:1      | Reached XP level 2. HP: 7/18 MP: 5/5
   942 | D:2      | Reached XP level 3. HP: 19/24 MP: 6/6
   958 | D:2      | Learned a level 3 spell: Dazzling Spray
  1290 | D:2      | Found a bloodstained altar of Trog.
  1368 | D:2      | Reached skill level 1 in Conjurations
  1381 | D:2      | Reached XP level 4. HP: 29/29 MP: 7/7
  1389 | D:2      | Learned a level 3 spell: Confuse
  1801 | D:2      | Found a runed door.
  1805 | D:2      | Noticed Crazy Yiuf
  1813 | D:2      | Killed Crazy Yiuf
  1851 | D:3      | Found a hide-covered altar of Uskayaw.
  2200 | D:3      | Found a radiant altar of Vehumet.
  2250 | D:3      | Reached XP level 5. HP: 32/34 MP: 8/8
  3132 | D:3      | Reached XP level 6. HP: 21/41 MP: 9/9
  3137 | D:3      | Learned a level 3 spell: Tukima's Dance
  3301 | D:3      | Found an ancient bone altar of Kikubaaqudgha.
  3544 | D:4      | Noticed a phantom
  3679 | D:3      | Slain by a phantom

Skill      XL: |  1  2  3  4  5  6 |
---------------+-------------------+-----
Fighting       | 1 2 |  2.6
Conjurations   | 1 2 |  2.7
Short Blades   | 2 3 |  3.1
Dodging        | 3 |  3.3
Stealth        | |  4.0
Spellcasting   | |  2.0
Hexes          | |  3.0

Action                   |  1- 3 |  4- 6 || total
-------------------------+-------+-------++-------
Melee: Dagger            |    54 |   229 ||   283
       Constrict         |    10 |    20 ||    30
       Tentacles         |     6 |    46 ||    52
Throw: Stone             |    16 |    45 ||    61
       Javelin           |       |     3 ||     3
       Tomahawk          |       |     3 ||     3
 Cast: Dazzling Spray    |       |     7 ||     7
  Use: Scroll            |       |     7 ||     7
 Stab: Sleeping          |    15 |     7 ||    22
       Invisible         |       |     2 ||     2
  Eat: Meat ration       |     1 |       ||     1
       Fruit             |       |     2 ||     2
       Pizza             |       |     1 ||     1
       Beef jerky        |       |     1 ||     1
Armor: Skin              |     2 |     3 ||     5
Dodge: Dodged            |    24 |    43 ||    67
